 Dungeon Crawl Stone Soup version 0.16.0-17-g811c1d7 (webtiles) character file.

26392 ventricule the Nimble (level 12, -2/121 HPs)
             Began as a Minotaur Fire Elementalist on Mar 21, 2015.
             Was a Believer of Ru.
             Slain by a blink frog (9 damage)
             ... on level 5 of the Lair of Beasts.
             The game lasted 00:54:47 (18773 turns).

ventricule the Nimble (Minotaur Fire Elementalist) Turns: 18773, Time: 00:54:49

Health: -2/121     AC: 12    Str: 21    XL:     12   Next: 97%
Magic:  7/7        EV: 16    Int: 12    God:    Ru [**....]
Gold:   879        SH:  5    Dex: 11    Spells: 1 memorised, 12 levels left

rFire  x . .     SeeInvis +     M - +4 morningstar
rCold  + . .     Clarity  .     J - +1 scale mail {rPois}
rNeg   + + .     SustAb   .     u - +0 buckler
rPois  +         Gourm    .     v - +0 hat {SInv}
rElec  +         Spirit   .     L - +0 cloak
rCorr  .         Warding  +     (no gloves)
rMut   .         NoTele   +     (no boots)
MR     .....                    z - amulet of Cekugob {Ward -Tele rElec rPois rN++ AC+1 EV+1}
Stlth  ..........               x - ring of ice
                                l - +3 ring of strength

@: not resistant to hostile enchantments, extremely unstealthy
A: retaliatory headbutt, hooves 1, horns 2, blurry vision 1, low mp 2, robust 1,
no stealth, no earth magic, no hexes magic, no summoning magic
a: Renounce Religion


You were on level 5 of the Lair of Beasts.
You worshipped Ru.
Ru was pleased with you.
You were not hungry.

You visited 3 branches of the dungeon, and saw 14 of its levels.
You also visited: Sewer, Ossuary and Ice Cave.

You collected 879 gold pieces.

Inventory:

Hand weapons
 M - a +4 morningstar (weapon)
Armour
 u - a +0 buckler (worn)
 v - a +0 hat of see invisible (worn)
 J - a +1 scale mail of poison resistance (worn)
 L - a +0 cloak (worn)
Jewellery
 l - a +3 ring of strength (left hand)
 x - a ring of ice (right hand)
 z - the amulet of Cekugob (around neck) {Ward -Tele rElec rPois rN++ AC+1 EV+1}
   (You found it on level 6 of the Dungeon)

   [amulet of warding]

   It may prevent the melee attacks of summoned creatures.
   It affects your AC (+1).
   It affects your evasion (+1).
   It insulates you from electricity.
   It protects you from poison.
   It greatly protects you from negative energy.
   It prevents most forms of teleportation.
 A - an uncursed ring of sustain abilities
 S - an uncursed amulet of the gourmand
 Y - an uncursed amulet of clarity
Magical devices
 a - a wand of teleportation (4)
 g - a wand of digging (6)
 k - a wand of frost (38)
 y - a wand of flame (15)
 K - a wand of random effects (34)
 P - a wand of flame (13)
 X - a wand of enslavement (4)
 Z - a wand of slowing (31)
Scrolls
 b - a scroll of summoning
 d - 4 scrolls of enchant armour
 e - 3 scrolls of identify
 t - 3 scrolls of fog
 B - a scroll of teleportation
 D - a scroll of remove curse
 G - 2 scrolls of amnesia
 N - 6 scrolls of blinking
Potions
 i - 5 potions of curing
 j - a potion of flight
 m - 2 potions of restore abilities
 n - 2 potions of agility
 o - 5 potions of might
 p - a potion of lignification
 s - a potion of magic
 w - 2 potions of brilliance {unknown}
 C - a potion of heal wounds {unknown}
 E - a potion of ambrosia
 F - 2 potions of cancellation
 H - a potion of mutation
 I - 2 potions of berserk rage
 T - a potion of resistance
 V - 2 potions of haste
Books
 f - a book of Conjurations

   Spells                             Type                      Level
   a - Magic Dart                     Conjuration                  1
   b - Searing Ray                    Conjuration                  2
   c - Dazzling Spray                 Conjuration/Hexes            3
   d - Fulminant Prism                Conjuration/Hexes            4
   e - Iskenderun's Mystic Blast      Conjuration                  4
   f - Iskenderun's Battlesphere      Conjuration/Charms           5
Comestibles
 c - 12 bread rations
 h - 2 royal jellies
 q - 4 meat rations
 r - 2 chunks of flesh
 O - 4 beef jerkies
 R - 37 fruits


   Skills:
 + Level 11.3 Fighting
 + Level 10.7 Maces & Flails
 + Level 11.8 Armour
 + Level 12.4 Dodging
 + Level 7.2 Shields
 + Level 7.8 Unarmed Combat
 - Level 1.3 Spellcasting
 - Level 0.6 Conjurations
 - Level 2.1 Fire Magic


You had 12 spell levels left.
You knew the following spells:

 Your Spells              Type           Power        Failure   Level  Hunger
a - Flame Tongue          Conj/Fire      #....        38%         1    ##.....


Dungeon Overview and Level Annotations

Branches:
Dungeon (8/15)             Temple (1/1) D:4            Lair (5/8) D:8
  Snake (0/5) Lair:3
  Swamp: Lair:3-6    Shoals: Lair:3-6

Altars:
Ashenzari
Dithmenos
Elyvilon
Makhleb
Okawaru
Ru
Sif Muna
Trog
Vehumet
Xom
The Shining One

Shops:
D:4 :

Annotations:
D:2 Terence
D:4 Eustachio


Innate Abilities, Weirdness & Mutations

You reflexively headbutt those who attack you in melee.
You have a pair of horns on your head.
Your magical capacity is very low (-20% MP).
You cannot be stealthy.
You cannot study or cast Earth magic.
You cannot study or cast Hexes magic.
You cannot study or cast Summoning magic.
You have large cloven feet.
Scrolls take you a little longer to read.
You are robust (+10% HP).


Message History

The blink frog is moderately wounded.
The blink frog blinks!
You see here a blink frog corpse.
You thump the blink frog!!
The blink frog is almost dead.
The blink frog closely misses you. The blink frog hits you!
* * * LOW HITPOINT WARNING * * *
The blink frog blinks!
Drink which item? (? for menu, Esc to quit)
It was a potion of curing.
You feel better.
You completely miss the blink frog.
The blink frog is almost dead.
The blink frog blinks!
You completely miss the blink frog. Your kick misses the blink frog.
Your headbutt misses the blink frog.
The blink frog is almost dead.
The blink frog hits you!
* * * LOW HITPOINT WARNING * * *
The blink frog hits you!
You die...

.........
♣...P......
♣...#.#... .
#
♣...#......#
#.
♣.#..PP.#..##
...
♣.#."P......#
....
♣...........#
....
♣...F.##...#
....
♣...@..#...##
♣..§..#.....#
♣......##.##
♣......# # #
♣...P.#.# ..#
♣....P###
P#.. ♣.##P##
## #. ..
♣.P### ####
...♣♣♣♣..#
#..#


You could see a blink frog.

Vanquished Creatures
  Gastronok (D:8)
  A hydra (Lair:3)
  2 ice statues (IceCv)
  Pikel (D:6)
  A griffon (Lair:4)
  2 black mambas
  Maurice (D:8)
  Joseph (D:8)
  5 elephants
  6 spiny frogs
  12 komodo dragons
  12 blink frogs
  18 yaks
  A spriggan (D:7)
  A basilisk (Lair:4)
  2 hippogriffs
  Menkaure (D:6)
  An orc warrior (D:8)
  8 porcupines
  2 nagas (Lair:3)
  3 black bears (D:8)
  A blink frog zombie (D:8)
  A slave (D:6)
  3 sky beasts
  7 water moccasins
  15 ice beasts
  2 centaurs
  An ogre (D:5)
  10 crocodiles
  4 elf zombies (Ossuary)
  A phantom (D:4)
  Blork the orc (D:4)
  8 giant frogs
  2 elf skeletons (D:6)
  2 scorpions (D:8)
  9 killer bees (D:8)
  2 electric eels (Lair:3)
  3 wights (D:8)
  3 centaur zombies (Ossuary)
  4 crimson imps
  5 goliath beetles
  4 hounds
  9 orc priests
  6 human zombies
  A centaur skeleton (D:5)
  2 jellies
  15 iguanas
  8 orc wizards
  Natasha (thrice) (D:3)
  8 worker ants
  3 human skeletons (D:6)
  12 sheep
  Ijyb (D:6)
  Jessica (D:3)
  A crocodile zombie (D:8)
  3 mummies (Ossuary)
  A worker ant zombie (D:8)
  Robin (D:3)
  5 gnolls
  20 adders
  51 river rats
  A shadow imp (D:8)
  17 giant mites
  2 worms
  An ufetubus (D:4)
  An adder skeleton (D:4)
  22 giant geckos
  9 oozes
  32 orcs
  2 bat skeletons
  13 giant cockroaches
  16 hobgoblins
  8 jackals
  15 kobolds
  8 ball pythons
  14 bats
  A giant gecko skeleton (D:4)
  14 giant newts
  22 goblins
  A jackal zombie (D:8)
  7 quokkas
  A quokka skeleton (D:4)
  A quokka zombie (D:5)
  9 rats
538 creatures vanquished.

Vanquished Creatures (others)
  A hound zombie (D:6)
  A river rat (Lair:3)
  An adder (Lair:3)
  A plant (Lair:5)
4 creatures vanquished.

Grand Total: 542 creatures vanquished

Notes
Turn   | Place    | Note
--------------------------------------------------------------
     0 | D:1      | ventricule, the Minotaur Fire Elementalist, began the quest for the Orb.
     0 | D:1      | Reached XP level 1. HP: 14/14 MP: 2/2
    85 | D:1      | Reached XP level 2. HP: 11/20 MP: 2/2
    90 | D:1      | Reached skill level 3 in Dodging
   953 | D:1      | Reached XP level 3. HP: 25/27 MP: 3/3
  1074 | D:2      | Noticed Terence
  1149 | D:2      | Reached skill level 1 in Armour
  1931 | D:3      | Noticed Robin
  1936 | D:3      | Reached skill level 1 in Unarmed Combat
  1940 | D:3      | Reached skill level 1 in Fighting
  2184 | D:4      | Reached XP level 4. HP: 23/35 MP: 4/4
  2445 | D:4      | Reached skill level 4 in Dodging
  2480 | D:4      | Found a staircase to the Ecumenical Temple.
  2523 | D:4      | Found a glowing drain.
  2547 | Sewer    | Entered a sewer
  2777 | Sewer    | Reached XP level 5. HP: 22/41 MP: 4/4
  3501 | Sewer    | Reached XP level 6. HP: 6/50 MP: 5/5
  3931 | Sewer    | Noticed a giant frog
  3932 | Sewer    | Noticed a giant frog
  3935 | Sewer    | Killed a giant frog
  3942 | Sewer    | Killed a giant frog
  4130 | D:4      | Noticed Blork the orc
  4150 | D:4      | Killed Blork the orc
  4150 | D:4      | Reached skill level 5 in Dodging
  4327 | D:3      | Found a shimmering altar of Xom.
  4396 | D:3      | Found a burning altar of Makhleb.
  4411 | D:3      | Noticed Natasha
  4418 | D:3      | Killed Natasha
  4418 | D:3      | Reached XP level 7. HP: 56/58 MP: 6/6
  4639 | D:3      | Killed Robin
  4712 | D:3      | Noticed Jessica
  4722 | D:3      | Killed Jessica
  4792 | D:3      | Reached skill level 5 in Armour
  4992 | D:3      | Noticed Natasha
  4997 | D:3      | Killed Natasha
  5044 | D:3      | Noticed Natasha
  5048 | D:3      | Killed Natasha
  5335 | D:4      | Noticed Eustachio
  5351 | Temple   | Entered the Ecumenical Temple
  5358 | Temple   | Became a worshipper of Ru the Awakened
  6172 | D:4      | Noticed a phantom
  6180 | D:4      | Killed a phantom
  6266 | D:4      | Found Guduzicuul's Book Boutique.
  6461 | D:5      | Entered Level 5 of the Dungeon
  6674 | D:5      | Reached skill level 6 in Dodging
  6674 | D:5      | Reached XP level 8. HP: 60/67 MP: 6/6
  6894 | D:5      | Found a shadowy altar of Dithmenos.
  7166 | D:5      | Gained mutation: Your magical capacity is low (-10% MP). [Ru sacrifice]
  7245 | D:5      | Reached skill level 5 in Fighting
  7245 | D:5      | Reached skill level 5 in Unarmed Combat
  8036 | D:6      | Noticed Menkaure
  8044 | D:6      | Killed Menkaure
  8495 | D:6      | Reached skill level 7 in Armour
  8538 | D:6      | Found a sand-covered staircase.
  8547 | Ossuary  | Entered an ossuary
  8658 | Ossuary  | Reached XP level 9. HP: 55/74 MP: 6/6
  9033 | D:6      | Noticed Ijyb
  9052 | D:6      | Killed Ijyb
  9127 | D:6      | Noticed Pikel
  9246 | D:6      | Killed Pikel
  9246 | D:6      | Reached skill level 8 in Armour
  9732 | D:6      | Found a radiant altar of Vehumet.
  9752 | D:6      | Reached skill level 1 in Shields
 10552 | D:7      | Reached skill level 9 in Armour
 10556 | D:7      | Found a glowing golden altar of the Shining One.
 10566 | D:7      | Gained mutation: You are robust (+10% HP). [mutagenic meat]
 10567 | D:7      | Gained mutation: You have large cloven feet. [mutagenic meat]
 10568 | D:7      | Gained mutation: Scrolls take you a little longer to read. [mutagenic meat]
 10693 | D:7      | Gained mutation: Your magical capacity is very low (-20% MP). [Ru sacrifice]
 10693 | D:7      | Acquired Ru's first power
 10932 | D:7      | Reached XP level 10. HP: 92/94 MP: 5/5
 11257 | D:8      | Reached skill level 1 in Maces & Flails
 11261 | D:8      | Noticed Gastronok
 11363 | D:8      | Noticed an elephant
 11656 | D:8      | Noticed Maurice
 11843 | D:8      | Killed Gastronok
 11925 | D:8      | Found a bloodstained altar of Trog.
 12045 | D:8      | Killed Maurice
 12085 | D:8      | Found a staircase to the Lair.
 12225 | D:8      | Noticed Joseph
 12235 | D:8      | Killed Joseph
 12235 | D:8      | Reached skill level 5 in Maces & Flails
 12235 | D:8      | Reached skill level 10 in Armour
 12405 | Lair:1   | Entered Level 1 of the Lair of Beasts
 12507 | D:8      | Reached XP level 11. HP: 47/104 MP: 6/6
 12984 | Lair:1   | Reached skill level 10 in Dodging
 13155 | Lair:1   | Gained mutation: You cannot study or cast Earth magic. [Ru sacrifice]
 13155 | Lair:1   | Gained mutation: You cannot study or cast Hexes magic. [Ru sacrifice]
 13155 | Lair:1   | Gained mutation: You cannot study or cast Summoning magic. [Ru sacrifice]
 13155 | Lair:1   | Acquired Ru's second power
 14090 | Lair:1   | Reached skill level 5 in Shields
 14733 | Lair:2   | Reached skill level 11 in Armour
 15318 | Lair:3   | Reached skill level 10 in Fighting
 15348 | Lair:3   | Noticed a four-headed hydra
 15356 | Lair:3   | Killed a four-headed hydra
 15356 | Lair:3   | Reached XP level 12. HP: 109/116 MP: 7/7
 15808 | Lair:3   | Found a staircase to the Snake Pit.
 16918 | Lair:4   | Found a frozen archway.
 17074 | Lair:4   | Reached skill level 10 in Maces & Flails
 17171 | IceCv    | Entered an ice cave
 17946 | Lair:4   | Gained mutation: You cannot be stealthy. [Ru sacrifice]
 17951 | Lair:4   | Reached skill level 12 in Dodging
 18242 | Lair:5   | Noticed a seven-headed hydra
 18773 | Lair:5   | Slain by a blink frog

Action                   |  1- 3 |  4- 6 |  7- 9 | 10-12 || total
-------------------------+-------+-------+-------+-------++-------
Melee: Unarmed           |   175 |   294 |   499 |     2 ||   970
       Morningstar       |       |       |    29 |   739 ||   768
Invok: Sacrifice Essence |       |       |     2 |       ||     2
       Sacrifice Arcana  |       |       |       |     1 ||     1
       Reject Sacrifices |       |       |       |     1 ||     1
       Sacrifice Stealth |       |       |       |     1 ||     1
  Use: Scroll            |       |     9 |     8 |    10 ||    27
       Potion            |       |       |     1 |     1 ||     2
 Stab: Invisible         |       |       |       |     3 ||     3
       Distracted        |       |       |       |     1 ||     1
  Eat: Chunk             |     2 |     5 |    19 |    19 ||    45
       Bread ration      |     1 |       |       |       ||     1
       Meat ration       |       |       |     1 |     1 ||     2
       Fruit             |       |       |       |     3 ||     3
